 Dungeon Crawl Stone Soup version 0.28.0 (webtiles) character file.

Game seed: 7103058930616200614

629 HallandMoats the Skirmisher (level 7, -2/55 HPs)
             Began as a Demonspawn Monk on Feb 12, 2022.
             Was an Initiate of Gozag.
             Succumbed to a scorpion's poison
             ... on level 5 of the Dungeon.
             The game lasted 00:05:51 (6374 turns).

HallandMoats the Skirmisher (Demonspawn Monk)       Turns: 6374, Time: 00:05:52

Health: -2/55      AC: 12    Str: 13    XL:     7   Next: 23%
Magic:  9/9        EV:  4    Int: 11    God:    Gozag
Gold:   645        SH:  0    Dex: 16    Spells: 6/6 levels left

rFire   . . .      SeeInvis .     - Unarmed
rCold   . . .      Faith    .   (no shield)
rNeg    . . .      Spirit   .   e - +0 plate armour
rPois   .          Reflect  .   i - +0 helmet
rElec   .          Harm     .   (no cloak)
rCorr   .          Rampage  .   (no gloves)
Will    +....                   (no boots)
Stlth   ..........              (no amulet)
HPRegen 0.18/turn               g - ring of willpower
MPRegen 0.11/turn               (no ring)

@: brilliant, lethally poisoned (-2 -> -15)
A: demonic guardian 1, ignite blood 2, demonic touch 1
a: Renounce Religion, Potion Petition, Call Merchant, Bribe Branch


You were on level 5 of the Dungeon.
You worshipped Gozag.
Gozag was pleased with you.
You visited 1 branch of the dungeon, and saw 5 of its levels.

You collected 645 gold pieces.

Inventory:

Hand Weapons
 l - a +4 trident
Armour
 e - a +0 plate armour (worn)
 i - a +0 helmet (worn)
Jewellery
 g - a ring of willpower (left hand)
Scrolls
 b - 3 scrolls of teleportation {unknown}
 c - a scroll of fear
 f - 3 scrolls of identify
 j - 3 scrolls of blinking {unknown}
 m - 2 scrolls of enchant armour {unknown}
 n - a scroll of magic mapping {unknown}
 p - a scroll of brand weapon
 q - 3 scrolls of amnesia {unknown}
Potions
 a - a potion of mutation {unknown}
 d - a potion of resistance {unknown}
 h - a potion of brilliance
 k - a potion of cancellation {unknown}
 o - a potion of flight {unknown}
 r - a potion of ambrosia {unknown}


   Skills:
 * Level 4.8 Fighting
 * Level 2.9 Armour
 * Level 4.4 Dodging
 - Level 1.7 Stealth
 * Level 4.2 Unarmed Combat
 + Level 2.9 Invocations


You had 6 spell levels left.
You didn't know any spells.
Your spell library contained the following spells:

 Spells                   Type           Power      Damage    Failure   Level
 Magic Dart               Conj           0%         1d3       100%        1
 Pain                     Necr           0%         1d4       100%        1
 Searing Ray              Conj           0%         2d4       100%        2
 Fulminant Prism          Conj/Hex       0%         3d6       100%        4
 Agony                    Necr           0%         N/A       100%        5
 Excruciating Wounds      Necr           0%         N/A       100%        5


Dungeon Overview and Level Annotations

Branches:
Dungeon (5/15)             Temple (0/1) D:4

Altars:
Gozag

Annotations:
D:5 Edmund


Innate Abilities, Weirdness & Mutations

A weak demonic guardian rushes to your aid.
Your demonic aura often causes spilled blood to erupt in flames.
Your touch may inflict minor irresistible damage on your foes.


Message History

Unknown command.
You hit the scorpion but do no damage.
The scorpion is moderately wounded.
You feel very sick. The scorpion stings you.
You are more poisoned.
The scorpion poisons you! The adder bites you but does no damage.
You hit the scorpion but do no damage.
The scorpion is moderately wounded.
You feel very sick.
Edmund is no longer distracted by gold.
The howler monkey is no longer distracted by gold.
The scorpion is distracted by your dazzling golden aura.
The howler monkey hits you but does no damage.
The adder barely misses you.
Edmund says, "I might not be good at magic, but I can still kill you!"
Edmund hits you with a +5 vorpal flail!
* * * LOW HITPOINT WARNING * * *
x2 You hit the adder.
The adder is moderately wounded.
* * * LOW HITPOINT WARNING * * *
You feel very sick.
The howler monkey hits you but does no damage.
The adder bites you but does no damage. Edmund hits you with a +5 vorpal flail.
* * * LOW HITPOINT WARNING * * *
A demonic guardian appears!
* * * LOW HITPOINT WARNING * * *
Unknown command.
Unknown command.
* * * LOW HITPOINT WARNING * * *
You feel very sick. The howler monkey misses your ufetubus.
Your ufetubus closely misses the howler monkey.
Your ufetubus hits the howler monkey.
The howler monkey closely misses your ufetubus.
The adder bites you but does no damage.
It was a potion of brilliance.
You feel clever all of a sudden.
You die...
Your body crumbles into a pile of gold.

############
#..!......<# $
#..........#
#..........#
#........<.# .
...........# ...
#.....$.@S@#.....
#.....Z.5°.......
........sh$......
.................
.................
.................
..#.#..####......
..... ...... ####
......


You could see Edmund, a scorpion, a howler monkey (ally target), an adder, an
adder skeleton and a friendly ufetubus (summoned).

Vanquished Creatures
  Sigmund (D:2)
  A bullfrog (D:5)
  A scorpion (D:3)
  A bullfrog zombie (D:5)
  A jelly (D:4)
  A gnoll shaman (D:3)
  A hound skeleton (D:4)
  Robin (D:2)
  6 gnolls
  4 adders
  A white imp (D:4)
  An ufetubus (D:3)
  2 worms
  4 dart slugs
  An orc (D:3)
  10 endoplasms
  3 giant cockroaches (D:1)
  9 hobgoblins
  A quokka (D:1)
  8 ball pythons
  5 bats
  2 frilled lizards (D:1)
  11 goblins
  7 kobolds
  11 rats
94 creatures vanquished.

Vanquished Creatures (collateral kills)
  2 gnolls (D:4)
  A frilled lizard (D:1)
  A rat (D:3)
4 creatures vanquished.

Grand Total: 98 creatures vanquished

Notes
Turn   | Place    | Note
-------+----------+-------------------------------------------
     0 | D:1      | HallandMoats the Demonspawn Monk began the quest for the
                  | Orb.
     0 | D:1      | Reached XP level 1. HP: 18/18 MP: 1/1
   423 | D:1      | Gained mutation: A weak demonic guardian rushes to your
                  | aid. [demonic ancestry]
   423 | D:1      | Reached XP level 2. HP: 20/24 MP: 2/2
   960 | D:1      | Found a faded altar of an unknown god.
   979 | D:1      | Prayed at the altar of an unknown god.
   979 | D:1      | Became a worshipper of Gozag Ym Sagoz the Greedy
  1377 | D:1      | Reached skill level 1 in Invocations
  1629 | D:2      | Noticed Sigmund
  2203 | D:2      | Discovered your monstrous ancestry.
  2203 | D:2      | Gained mutation: Your touch may inflict minor irresistible
                  | damage on your foes. [demonic ancestry]
  2203 | D:2      | Reached XP level 3. HP: 22/29 MP: 3/3
  2820 | D:2      | Killed Sigmund
  2821 | D:2      | Reached skill level 1 in Armour
  2821 | D:2      | Reached XP level 4. HP: 21/37 MP: 3/5
  2821 | D:2      | Gained mutation: Your demonic aura sometimes causes spilled
                  | blood to erupt in flames. [demonic ancestry]
  2821 | D:2      | Reached XP level 5. HP: 24/42 MP: 3/6
  3390 | D:2      | Noticed Robin
  3418 | D:2      | Killed Robin
  3978 | D:3      | Reached XP level 6. HP: 5/48 MP: 7/7
  5917 | D:4      | Found a staircase to the Ecumenical Temple.
  5934 | D:4      | Gained mutation: Your demonic aura often causes spilled
                  | blood to erupt in flames. [demonic ancestry]
  5934 | D:4      | Reached XP level 7. HP: 30/55 MP: 9/9
  6352 | D:5      | Entered Level 5 of the Dungeon
  6361 | D:5      | Noticed Edmund
  6373 | D:5      | HP: 1/55 [poisoned by a scorpion]
  6374 | D:5      | Succumbed to a scorpion's poison

Illustrated notes

Levels and vault maps discovered:
D:1:      lordsloth_arrival_two_stooges, layout_basic,
          chequers_ecumenical_altar_simple_redux
D:2:      layout_loops_ring, uniq_robin, uniq_sigmund
D:3:      layout_basic
D:4:      layout_rooms, minmay_temple_entry_slanted,
          cheibrodos_sewer_entry_sluice, serial_glass, glass_columns_a,
          glass_columns_c, minmay_misc_feat_enclosed, minmay_misc_feat_five,
          st_stairs_7
D:5:      layout_rooms, uniq_edmund

Skill      XL: |  1  2  3  4  5  6 |
---------------+-------------------+-----
Dodging        | 3 4 |  4.4
Invocations    | 1 2 |  2.9
Armour         | 1 2 |  2.9
Unarmed Combat | 3 4 |  4.2
Fighting       | 4 |  4.8
Stealth        | |  1.7

Action                   |  1- 3 |  4- 6 |  7- 9 || total
-------------------------+-------+-------+-------++-------
Melee: Unarmed           |   160 |   172 |    27 ||   359
       Punch             |     3 |     6 |       ||     9
       Touch             |     4 |    48 |     6 ||    58
  Use: Scroll            |     4 |       |       ||     4
       Potion            |     1 |       |     1 ||     2
 Stab: Distracted        |     1 |     1 |       ||     2
Armor: Robe              |     5 |       |       ||     5
       Plate armour      |    72 |   140 |    26 ||   238
       Scale mail        |     1 |       |       ||     1
Dodge: Dodged            |    32 |    59 |     5 ||    96
